 Dungeon Crawl Stone Soup version 0.30-a0-1094-g860fb061e7 (webtiles) character file.

Game seed: 7943232761988928682

37 123456 the Digger (level 3, -5/19 HPs)
             Began as a Gargoyle Earth Elementalist on Apr 14, 2023.
             Slain by Terence
             ... wielding a +2 heavy flail
              (13 damage)
             ... on level 2 of the Dungeon on Apr 17, 2023.
             The game lasted 00:02:46 (1464 turns).

123456 the Digger (Gargoyle Earth Elementalist)     Turns: 1464, Time: 00:02:48

Health: -5/19      AC:  5    Str: 11    XL:     3   Next: 39%
Magic:  1/6        EV: 12    Int: 17    God:
Gold:   59         SH:  0    Dex: 10    Spells: 1/7 levels left

rFire   . . .      SeeInvis .    m - +0 short sword
rCold   . . .      Faith    .    (no shield)
rNeg    + . .      Spirit   .    a - +0 robe
rPois   ∞          Reflect  .    (no helmet)
rElec   +          Rampage  .    (no cloak)
rCorr   .                        (no gloves)
Will    .....                    (no boots)
Stlth   ++                       (no amulet)
HPRegen 0.23/turn                (no ring)
MPRegen 0.10/turn                (no ring)

@: no status effects
A: sickness immunity, AC +3, negative energy resistance 1, electricity
resistance, torment resistance 1, petrification resistance
a: no special abilities


You were on level 2 of the Dungeon.
You visited 1 branch of the dungeon, and saw 2 of its levels.

You collected 59 gold pieces.

Inventory:

Hand Weapons
 m - a +0 short sword (weapon)
Armour
 a - a +0 robe (worn)
Jewellery
 j - a ring of fire
Scrolls
 e - a scroll of fog {unknown}
 f - a scroll of noise {unknown}
 g - 2 scrolls of identify {unknown}
 i - 2 scrolls of poison {unknown}
 k - 2 scrolls of teleportation {unknown}
Potions
 b - 2 potions of magic
 c - 2 potions of attraction {unknown}
 d - a potion of lignification {unknown}
 h - a potion of mutation {unknown}
 l - a potion of invisibility


   Skills:
 + Level 1.9 Dodging
 + Level 2.5 Stealth
 * Level 2.5 Spellcasting
 - Level 0.7 Transmutations
 * Level 4.3 Earth Magic


You had one spell level left.
You knew the following spells:

 Your Spells              Type           Power      Damage    Failure   Level
a - Sandblast             Erth           32%        2d9       3%          1
b - Stone Arrow           Conj/Erth      18%        3d8       22%         3
c - Passwall              Tmut/Erth      8%         N/A       10%         2

Your spell library contained the following spells:

 Spells                   Type           Power      Damage    Failure   Level
 Petrify                  Tmut/Erth      10%        N/A       54%         4


Dungeon Overview and Level Annotations

Branches:
Dungeon (2/15)

Altars:

Shops:
D:1 =

Annotations:
D:2 Terence


Innate Abilities, Weirdness & Mutations

You are immune to sickness and miasma.
Your stone body is resilient. (AC +3)
You are immune to poison.
You resist negative energy. (rN+)
You are resistant to electric shocks. (rElec)
You are resistant to unholy torment.
You are immune to petrification.


Message History

There is a stone staircase leading up here.
Found 7 stones.
Okay, then.
Found a stone staircase leading down.
Memorise Passwall, consuming 2 spell levels and leaving 1?
You start memorising the spell.
You continue memorising. x2
You finish memorising.
Spell assigned to 'c'.
Terence the Incautious comes into view.
He is wielding a +2 heavy flail.
Terence shouts!
Terence drinks a potion.
Terence flickers and vanishes!
Deactivating autopickup; reactivate with Ctrl-A.
Casting: Sandblast (safe; 3% risk of failure)
Confirm with . or Enter, or press ? or * to list all spells.
You can't see any susceptible monsters within range! (Use Z to cast anyway.)
Casting: Sandblast (safe; 3% risk of failure)
Confirm with . or Enter, or press ? or * to list all spells.
The spell is astonishingly dangerous to miscast (22% risk of failure)!
Continue anyway?
Aiming: Stone Arrow (astonishingly dangerous; 22% risk of failure)
Press: ? - help, Shift-Dir - straight line The stone arrow hits something!
Aiming: Sandblast (safe; 3% risk of failure)
Press: ? - help, Q - select action, (/) - cycle Shift-Dir - straight line, f - you That would be overly suicidal.
Okay, then.
Aiming: Sandblast (safe; 3% risk of failure)
Press: ? - help, Q - select action, (/) - cycle Shift-Dir - straight line Something hits you!
Ouch! That really hurt!
Unknown command.
You miss something.
Aiming: Sandblast (safe; 3% risk of failure)
Press: ? - help, Q - select action, (/) - cycle Shift-Dir - straight line, f - you That would be overly suicidal.
Okay, then.
Aiming: Sandblast (safe; 3% risk of failure)
Press: ? - help, Q - select action, (/) - cycle Shift-Dir - straight line The blast of sand hits something but does no damage.
Something hits you!
Ouch! That really hurt!
You die...

. ##.. ##### ....
#...#####....#
########.#....(....#
...........##.##>...#
#######.#.###.# .#..
#.#.###.###.##..#
..........@{....#
#....###.###$###.#
#......... ...
#.#.####.## .###
#.#.# #.. .. ##. .# .
## #.


There were no monsters in sight!

Vanquished Creatures
  A worm (D:2)
  A bat (D:1)
  3 endoplasms
  A giant cockroach (D:2)
  5 hobgoblins
  3 jackals (D:1)
  2 ball pythons
  A frilled lizard (D:1)
  3 goblins (D:1)
  6 kobolds
  5 rats (D:1)
31 creatures vanquished.

Notes
Turn   | Place    | Note
-------+----------+-------------------------------------------
     0 | D:1      | 123456 the Gargoyle Earth Elementalist began the quest for
                  | the Orb.
     0 | D:1      | Reached XP level 1. HP: 10/10 MP: 3/3
    87 | D:1      | Upgraded the game from 0.30-a0-1075-gcd70e7a56d to
                  | 0.30-a0-1094-g860fb061e7
   272 | D:1      | Found Xafoch's One-of-a-Kind Rings.
   363 | D:1      | Reached XP level 2. HP: 15/15 MP: 3/5
   532 | D:1      | Reached skill level 4 in Earth Magic
   880 | D:1      | Reached XP level 3. HP: 19/19 MP: 4/6
   884 | D:1      | Learned a level 3 spell: Stone Arrow
  1451 | D:2      | Learned a level 2 spell: Passwall
  1458 | D:2      | Noticed Terence
  1464 | D:2      | Slain by Terence

Illustrated notes

Levels and vault maps discovered:
D:1:      dpeg_arrival_chambers_temple_mockup, layout_loops_ring,
          nicolae_shop_unique_rings
D:2:      layout_loops_ring, shapermc_ecumenical_altar_hornbeckon,
          minmay_misc_feat_five, uniq_terence

Skill      XL: |  1  2 |
---------------+-------+-----
Earth Magic    | 4 |  4.3
Dodging        | |  1.9
Stealth        | |  2.5
Spellcasting   | |  2.5
Transmutations | |  0.7

Action                     || total
---------------------------++-------
  Melee: Dagger            ||     7
         Short sword       ||     1
   Cast: Sandblast         ||    40
         Stone Arrow       ||     1
 Armour: Robe              ||     6
  Dodge: Dodged            ||    17

Table legend: (Time is in decaauts)
 A = Elapsed time spent in this place.
 B = Non-inter-level travel time spent in this place.
 C = Inter-level travel time spent in this place.
 D = Time resting spent in this place.
 E = Time spent auto-exploring this place.
 F = Levels seen in this place.
 G = Mean time per level.
                   A        B        C        D        E       F      G
               +--------+--------+--------+--------+--------+-----+--------+
         Total |   1483 |   1468 |     15 |      0 |   1261 |   2 |  741.5 |
       Dungeon |   1483 |   1468 |     15 |      0 |   1261 |   2 |  741.5 |
               +--------+--------+--------+--------+--------+-----+--------+

Top non-repeatable levels by time:
     D:1: 1012 daAuts
     D:2: 471 daAuts
